 Dungeon Crawl Stone Soup version 0.28-a0-1190-g77e1c55843 (webtiles) character file.

Game seed: 13546001397789716255

168 SirFunk the Magician (level 5, 0/37 HPs)
             Began as a Djinni Hedge Wizard on Dec 18, 2021.
             Slain by a black bear (9 damage)
             ... on level 4 of the Dungeon.
             The game lasted 00:09:05 (3876 turns).

SirFunk the Magician (Djinni Hedge Wizard)          Turns: 3876, Time: 00:09:05

Health: 0/37       AC:  2    Str:  9    XL:     5   Next: 78%
Gold:   7          EV: 12    Int: 18    God:
                   SH:  0    Dex: 12

rFire   + + .      SeeInvis .   a - +0 dagger (venom)
rCold   x . .      Faith    .   (no shield)
rNeg    . . .      Spirit   .   k - +0 robe
rPois   ∞          Reflect  .   (no helmet)
rElec   .          Harm     .   (no cloak)
rCorr   .          Rampage  .   (no gloves)
Will    .....                   (boots unavailable)
Stlth   ++........              (no amulet)
HPRegen 0.12/turn               (no ring)
MPRegen 0.00/turn               (no ring)

@: flying
A: sickness immunity, fire resistance 2, cold vulnerability 1, float, innate
caster, hp casting, extra vitality 1
a: no special abilities


You were on level 4 of the Dungeon.
You visited 1 branch of the dungeon, and saw 3 of its levels.

You collected 95 gold pieces.
You spent 88 gold pieces at shops.

Inventory:

Hand Weapons
 a - a +0 dagger of venom (weapon)
Missiles
 j - 39 stones (quivered)
Armour
 c - a +0 hat
 h - a +1 helmet
 k - a +0 robe (worn)
Magical Staves
 b - a staff of air
Scrolls
 d - 2 scrolls of identify {unknown}
 e - a scroll of teleportation {unknown}
 f - a scroll of magic mapping {unknown}
 m - a scroll of fog {unknown}
Potions
 g - a potion of mutation {unknown}
 i - a potion of curing {unknown}
 l - 2 potions of heal wounds


   Skills:
 * Level 1.3 Fighting
 + Level 0.7 Short Blades
 + Level 2.7 Dodging
 - Level 1.5 Stealth
 * Level 4.1 Spellcasting


You couldn't memorise any spells.
You knew the following spells:

 Your Spells              Type           Power      Damage    Failure   Level
a - Magic Dart            Conj           72%        1d6       2%          1
b - Blink                 Tloc           36%        N/A       4%          2
c - Call Imp              Summ           18%        N/A       4%          2
d - Slow                  Hex            72%        N/A       2%          1
e - Conjure Flame         Conj/Fire      18%        6-21      8%          3
f - Mephitic Cloud        Conj/Pois/Air  18%        N/A       8%          3
g - Sandblast             Erth           36%        2d10      2%          1
h - Static Discharge      Conj/Air       18%        N/A       4%          2
Your spell library was empty.

Dungeon Overview and Level Annotations

Branches:
Dungeon (2/15)

Altars:

Shops:
D:2 ![!*:


Innate Abilities, Weirdness & Mutations

You are immune to sickness and miasma.
You are immune to poison.
Your flesh is very heat resistant. (rF++)
You are vulnerable to cold. (rC-)
You float through the air rather than walking.
You learn spells naturally, not from books.
Your magical power is your life essence.
You have superior vitality. (+4 HP)


Message History

Aiming: Magic Dart (safe; 2% risk of failure)
Press: ? - help, Shift-Dir - straight line, f/p - black bear
Aim: a black bear (lightly wounded, confused, 100% to hit)
The magic dart hits the black bear but does no damage.
The black bear is lightly wounded.
You hit the black bear but do no damage.
The black bear is poisoned.
The black bear is lightly wounded.
You hear the slow hiss of a very distant avalanche of sand.
The black bear bites you. The black bear claws you.
The black bear completely misses you.
You catch the helpless black bear completely off-guard!
You hit the black bear.
The black bear looks as sick as possible!
The black bear is heavily wounded.
You hit the black bear but do no damage.
The black bear looks as sick as possible!
The black bear is heavily wounded.
The black bear closely misses you. The black bear claws you.
The black bear claws you but does no damage.
You barely miss the black bear.
The black bear is heavily wounded.
You hit the black bear but do no damage.
The black bear is severely wounded.
The black bear closely misses you. The black bear misses you.
The black bear barely misses you.
You hit the black bear.
The black bear looks as sick as possible!
The black bear is severely wounded.
The black bear seems less confused.
The black bear goes berserk!
You hit the black bear but do no damage.
The black bear looks as sick as possible!
The black bear is almost dead.
The black bear bites you. The black bear claws you. x2
You closely miss the black bear.
The black bear is almost dead.
The black bear closely misses you. The black bear claws you.
* * * LOW HITPOINT WARNING * * *
The black bear barely misses you. The black bear bites you!
You die...

... #.. #.# #.#
#.#.# #.# #.# ##.#.
#.# #.# #.... #.#
#.# ... #.## #.# ...
...#####.##### #.#
†............# #h#
...#####.###.###@#
#.## #..)......# #.#
#######...####.# .#.
...............#
#.#########...######
#. ##.##
#)##########.#
#...[.....>..#
##############


You could see a black bear (berserk, extremely poisoned).

Vanquished Creatures
  A scorpion (D:4)
  An orc wizard (D:2)
  2 adders (D:2)
  2 worms (D:2)
  3 dart slugs
  4 orcs (D:2)
  4 ball pythons
  3 bats (D:1)
  6 endoplasms
  A giant cockroach (D:2)
  2 goblins (D:1)
  2 hobgoblins
  A quokka (D:2)
  13 frilled lizards
  4 kobolds
  7 rats
56 creatures vanquished.

Vanquished Creatures (collateral kills)
  A bat (D:1)
  A kobold (D:1)
2 creatures vanquished.

Vanquished Creatures (others)
  8 plants (D:2)
8 creatures vanquished.

Grand Total: 66 creatures vanquished

Notes
Turn   | Place    | Note
-------+----------+-------------------------------------------
     0 | D:1      | SirFunk the Djinni Hedge Wizard began the quest for the
                  | Orb.
     0 | D:1      | Reached XP level 1. HP: 15/15 MP: 0/0
    85 | D:1      | Found a faded altar of an unknown god.
   431 | D:1      | Reached XP level 2. HP: 20/21 MP: 0/0
  1081 | D:1      | Reached skill level 3 in Spellcasting
  1206 | D:1      | Reached XP level 3. HP: 25/26 MP: 0/0
  1206 | D:1      | Learned a level 1 spell: Sandblast
  2285 | D:2      | Found Lutioder's Assorted Antiques.
  2468 | D:2      | Bought a brown potion for 18 gold pieces
  2582 | D:2      | Reached XP level 4. HP: 26/31 MP: 0/0
  2684 | D:2      | Found Ciha's Distillery.
  2859 | D:2      | Found Niac's Antique Armour Emporium.
  2956 | D:2      | Found Poxir's Distillery.
  3176 | D:2      | Bought a potion of heal wounds for 70 gold pieces
  3207 | D:2      | Reached skill level 1 in Fighting
  3236 | D:2      | Reached XP level 5. HP: 9/37 MP: 0/0
  3236 | D:2      | Learned a level 2 spell: Static Discharge
  3555 | D:2      | Found Rinyom's Book Boutique.
  3767 | D:2      | You are sucked into a shaft and drop 2 floors!
  3789 | D:4      | Reached skill level 4 in Spellcasting
  3862 | D:4      | Noticed a black bear
  3876 | D:4      | Slain by a black bear

Illustrated notes

Levels and vault maps discovered:
D:1:      nagdon_arrival_double_spiral, layout_loops_ring,
          shapermc_ecumenical_altar_pompeii
D:2:      layout_basic, serial_shops, shop_statue, nicolae_shop_behind_doors,
          nicolae_shop_advertising_works [nicolae_subvault_shop_adworks],
          nicolae_shop_overgrown_old_shop, shop_fountains, grunt_ministairs_11,
          minmay_lizard_king
D:4:      layout_loops_ring, mainiacjoe_overflow_small_starburst,
          nicolae_ossuary_entry_giza, serial_shops, nicolae_shop_hallway_plus,
          saegor_snake_ambush, uniq_sigmund

Skill      XL: |  1  2  3  4  5 |
---------------+----------------+-----
Spellcasting   | 3 4 |  4.1
Fighting       | 1 |  1.3
Short Blades   | |  0.7
Dodging        | |  2.7
Stealth        | |  1.5

Action                   |  1- 3 |  4- 6 || total
-------------------------+-------+-------++-------
Melee: Dagger            |    42 |    12 ||    54
       Staff             |       |     5 ||     5
 Cast: Magic Dart        |    57 |    66 ||   123
       Call Imp          |     1 |       ||     1
       Sandblast         |     7 |     5 ||    12
       Conjure Flame     |     1 |       ||     1
       Blink             |     1 |       ||     1
       Mephitic Cloud    |       |     4 ||     4
       Slow              |       |     2 ||     2
 Stab: Sleeping          |     1 |       ||     1
       Confused          |       |     2 ||     2
Armor: Robe              |    38 |     5 ||    43
Dodge: Dodged            |    74 |    19 ||    93

Table legend: (Time is in decaauts)
 A = Elapsed time spent in this place.
 B = Non-inter-level travel time spent in this place.
 C = Inter-level travel time spent in this place.
 D = Time resting spent in this place.
 E = Time spent auto-exploring this place.
 F = Levels seen in this place.
 G = Mean time per level.
                   A        B        C        D        E       F      G
               +--------+--------+--------+--------+--------+-----+--------+
         Total |   3875 |   3644 |    231 |   1475 |   1626 |   3 | 1291.7 |
       Dungeon |   3875 |   3644 |    231 |   1475 |   1626 |   3 | 1291.7 |
               +--------+--------+--------+--------+--------+-----+--------+

Top non-repeatable levels by time:
     D:1: 2260 daAuts
     D:2: 1507 daAuts
     D:4: 108 daAuts
